 Dungeon Crawl Stone Soup version 0.29.1-15-g9cfb28693d (webtiles) character file.

Game seed: 12337645962281395381

567 Silvore the Chopper (level 7, -6/55 HPs)
             Began as a Demonspawn Monk on Apr 30, 2023.
             Mangled by Duvessa
             ... wielding a +0 short sword
              (12 damage)
             ... on level 4 of the Dungeon.
             The game lasted 00:10:03 (4626 turns).

Silvore the Chopper (Demonspawn Monk)               Turns: 4626, Time: 00:10:05

Health: -6/55      AC:  4    Str: 11    XL:     7   Next: 11%
Magic:  7/7        EV: 14    Int: 11    God:
Gold:   93         SH:  0    Dex: 18    Spells: 6/6 levels left

rFire   . . .      SeeInvis .   a - +0 hand axe
rCold   . . .      Faith    .   (no shield)
rNeg    . . .      Spirit   .   b - +0 robe
rPois   .          Reflect  .   (no helmet)
rElec   .          Harm     +   i - scarf {harm}
rCorr   .          Rampage  .   (no gloves)
Will    .....                   (no boots)
Stlth   +++.......              (no amulet)
HPRegen 0.18/turn               (no ring)
MPRegen 0.10/turn               (no ring)

@: no status effects
A: hooves 1, foul stench 2, sharp scales 2
a: no special abilities


You were on level 4 of the Dungeon.
You visited 1 branch of the dungeon, and saw 4 of its levels.

You collected 93 gold pieces.

Inventory:

Hand Weapons
 a - a +0 hand axe (weapon)
Armour
 b - a +0 robe (worn)
 i - a scarf of harm (worn)
Scrolls
 j - a scroll of teleportation
Potions
 c - 2 potions of ambrosia
 d - a potion of heal wounds {unknown}
 e - a potion of degeneration {unknown}
 f - 2 potions of attraction
 g - 2 potions of flight {unknown}
 h - a potion of curing {unknown}
 m - 3 potions of mutation
 n - a potion of brilliance {unknown}


   Skills:
 + Level 4.6 Fighting
 + Level 5.1 Axes
 + Level 3.9 Dodging
 + Level 3.8 Stealth


You had 6 spell levels left.
You didn't know any spells.
Your spell library contained the following spells:

 Spells                   Type           Power      Damage    Failure   Level
 Foxfire                  Conj/Fire      0%         2x1d4     34%         1
 Conjure Flame            Conj/Fire      0%         6-21      71%         3
 Inner Flame              Hex/Fire       0%         N/A       71%         3
 Flame Wave               Conj/Fire      0%         2d4       98%         4


Dungeon Overview and Level Annotations

Branches:
Dungeon (4/15)
 Temple: D:4-7

Altars:
Ashenzari
Nemelex Xobeh
Ru
Vehumet

Shops:
D:3 (

Annotations:
D:4 Duvessa


Innate Abilities, Weirdness & Mutations

You have large cloven feet.
You sometimes emit foul miasma when damaged in melee.
You are mostly covered in razor-sharp scales. (AC +2, Slay +2)


Message History

The howler monkey howls!
You hit the worm. You kick the worm.
You kill the worm!
You hit Dowan.
Dowan is engulfed in dark miasma.
Dowan is poisoned.
Dowan hits you with a +0 dagger.
The howler monkey hoots and howls with incredible vigour!
You hear a bark! x2; You hear a shout!
You hit Dowan but do no damage. You kick Dowan!
Dowan is almost dead.
You hit Duvessa.
Dowan is engulfed in dark miasma.
Dowan looks even sicker.
You kill Dowan!
Duvessa screams, "No!
How DARE you!"
Duvessa goes berserk!
Duvessa closely misses you.
You hit Duvessa. Your punch misses Duvessa.
Duvessa is lightly wounded.
Duvessa barely misses you. Duvessa hits you but does no damage.
You hit Duvessa.
Duvessa is moderately wounded.
Duvessa hits you but does no damage.
You hit Duvessa.
Duvessa is moderately wounded.
Duvessa hits you with a +0 short sword. Duvessa hits you with a +0 short sword!
You closely miss Duvessa. You kick Duvessa.
Duvessa is heavily wounded.
Duvessa misses you.
The howler monkey hoots and howls with incredible vigour!
You hear a bark!
You hear a shout! x3; You hear an angry hiss.
You closely miss Duvessa. You kick Duvessa, but do no damage.
Duvessa is heavily wounded.
Duvessa hits you with a +0 short sword!
You emit a cloud of foul miasma!
Duvessa is engulfed in dark miasma.
Duvessa is poisoned.
Duvessa barely misses you.
You closely miss Duvessa. You kick Duvessa.
Duvessa is heavily wounded.
Duvessa is engulfed in dark miasma.
Duvessa looks even sicker.
Duvessa hits you with a +0 short sword!
* * * LOW HITPOINT WARNING * * *
Duvessa is engulfed in dark miasma.
Duvessa looks even sicker.
Duvessa hits you with a +0 short sword!
You die...

#.# #.# #.# #.#
#.# #.# #.# ...
#.# #h# #.# #h#
#.# #e# #.# #@#
####.#
#)######....######
#.#......##.......
#...............##
###.#.†.....##...#
#.#.#..#### ...#
#.######......#
...
............#.#
...
##########..#.# ..


You could see Duvessa (berserk, very poisoned), a howler monkey and a jackal.

Vanquished Creatures
  Sigmund (D:4)
  A phantom (D:4)
  Dowan (D:4)
  A hound (D:4)
  An orc priest (D:3)
  An iguana (D:4)
  An orc wizard (D:3)
  5 adders
  A shadow imp (D:4)
  3 worms
  5 dart slugs
  5 orcs
  5 ball pythons
  8 endoplasms
  A giant cockroach (D:3)
  6 goblins
  8 hobgoblins
  6 jackals
  10 kobolds
  4 quokkas
  16 bats
  4 frilled lizards
  3 rats
97 creatures vanquished.

Notes
Turn   | Place    | Note
-------+----------+-------------------------------------------
     0 | D:1      | Silvore the Demonspawn Monk began the quest for the Orb.
     0 | D:1      | Reached XP level 1. HP: 18/18 MP: 1/1
   180 | D:1      | Gained mutation: You are partially covered in razor-sharp
                  | scales. (AC +1, Slay +1) [demonic ancestry]
   180 | D:1      | Reached XP level 2. HP: 24/24 MP: 2/2
   324 | D:1      | Reached skill level 3 in Axes
  1022 | D:2      | Gained mutation: You may rarely emit foul miasma when
                  | damaged in melee. [demonic ancestry]
  1022 | D:2      | Reached XP level 3. HP: 12/29 MP: 3/3
  1574 | D:2      | Found a faded altar of an unknown god.
  1583 | D:2      | Prayed at the altar of an unknown god.
  1583 | D:2      | Became a worshipper of Ashenzari the Shackled
  1584 | D:2      | Fell from the grace of Ashenzari
  1968 | D:2      | Gained mutation: You have large cloven feet. [demonic
                  | ancestry]
  1968 | D:2      | Reached XP level 4. HP: 21/37 MP: 4/4
  2814 | D:3      | Was forgiven by Ashenzari
  2814 | D:3      | Reached skill level 4 in Axes
  2814 | D:3      | Gained mutation: You are mostly covered in razor-sharp
                  | scales. (AC +2, Slay +2) [demonic ancestry]
  2814 | D:3      | Reached XP level 5. HP: 7/42 MP: 5/5
  3098 | D:3      | Found a radiant altar of Vehumet.
  3151 | D:3      | Found a broken altar of Ashenzari.
  3237 | D:3      | Found a sparkling altar of Nemelex Xobeh.
  3302 | D:3      | Found a sacrificial altar of Ru.
  3471 | D:3      | Found Ebaameb's Weapon Shoppe.
  3995 | D:4      | Noticed a phantom
  4015 | D:4      | Killed a phantom
  4020 | D:4      | Reached XP level 6. HP: 27/48 MP: 6/6
  4375 | D:4      | Noticed Sigmund
  4402 | D:4      | Killed Sigmund
  4403 | D:4      | Reached skill level 5 in Axes
  4613 | D:4      | Noticed Duvessa
  4616 | D:4      | Gained mutation: You sometimes emit foul miasma when
                  | damaged in melee. [demonic ancestry]
  4616 | D:4      | Reached XP level 7. HP: 52/55 MP: 7/7
  4616 | D:4      | Noticed Dowan
  4620 | D:4      | Killed Dowan
  4626 | D:4      | Mangled by Duvessa

Illustrated notes

Levels and vault maps discovered:
D:1:      giann_forest_graveyard, layout_basic
D:2:      layout_basic, ebering_ecumenical_altar_rust, st_stairs_9
D:3:      layout_basic, mainiacjoe_overflow_small_starburst,
          mainiacjoe_overflow_tiny_flanked, mainiacjoe_overflow_surrounded_room,
          evilmike_ruin_ashenzari, serial_shops, nicolae_shop_statue_plus
D:4:      layout_loops_ring, uniq_edmund, uniq_sigmund, uniq_duvessa

Skill      XL: |  1  2  3  4  5  6 |
---------------+-------------------+-----
Axes           | 3 4 5 |  5.1
Stealth        | 2 3 |  3.8
Dodging        | 3 |  3.9
Fighting       | 4 |  4.6

Action                   |  1- 3 |  4- 6 |  7- 9 || total
-------------------------+-------+-------+-------++-------
Melee: Hand axe          |   146 |   130 |     9 ||   285
       Kick              |       |    39 |     6 ||    45
       Punch             |       |     2 |       ||     2
Invok: Renounce Religion |     1 |       |       ||     1
  Use: Scroll            |     1 |     5 |       ||     6
 Stab: Sleeping          |     4 |     6 |       ||    10
Armor: Robe              |    58 |    34 |     2 ||    94
Dodge: Dodged            |   199 |   102 |     4 ||   305
